 Dungeon Crawl Stone Soup version 0.30-a0-879-ga8ba668304 (webtiles) character file.

Game seed: 3219418709517092720

130 Newt the Shooter (level 5, -4/35 HPs)
             Began as a Kobold Hunter on Mar 13, 2023.
             Killed from afar by a steam dragon (17 damage)
             ... with a ball of steam
             ... on level 3 of the Dungeon.
             The game lasted 00:01:23 (1269 turns).

Newt the Shooter (Kobold Hunter)                    Turns: 1269, Time: 00:01:24

Health: -4/35      AC:  4    Str:  9    XL:     5   Next: 36%
Magic:  5/5        EV: 14    Int: 10    God:
Gold:   104        SH:  0    Dex: 20    Spells: 4/4 levels left

rFire   . . .      SeeInvis .    a - +0 shortbow (flame)
rCold   . . .      Faith    .    (shield currently unavailable)
rNeg    . . .      Spirit   .    c - +1 leather armour
rPois   .          Reflect  .    (no helmet)
rElec   .          Rampage  .    (no cloak)
rCorr   .                        (no gloves)
Will    .....                    (no boots)
Stlth   +++                      (no amulet)
HPRegen 0.25/turn                (no ring)
MPRegen 0.09/turn                (no ring)

@: no status effects
A: small, no large weapons, nightstalker 3
a: no special abilities


You were on level 3 of the Dungeon.
You visited 1 branch of the dungeon, and saw 3 of its levels.

You collected 104 gold pieces.

Inventory:

Hand Weapons
 a - a +0 shortbow of flaming (weapon)
Armour
 c - a +1 leather armour (worn)
Scrolls
 b - 2 scrolls of immolation
 d - a scroll of enchant armour
Potions
 g - a potion of heal wounds {unknown}
 h - a potion of flight {unknown}


   Skills:
 - Level 5.0 Fighting
 + Level 6.2 Ranged Weapons
 - Level 2.4 Dodging
 - Level 1.3 Stealth


You had 4 spell levels left.
You didn't know any spells.
Your spell library contained the following spells:

 Spells                   Type           Power      Damage    Failure   Level
 Sublimation of Blood     Necr           0%         N/A       63%         2
 Wereblood                Tmut           0%         N/A       63%         2
 Summon Hydra             Summ           0%         N/A       100%        7


Dungeon Overview and Level Annotations

Branches:
Dungeon (3/15)

Altars:


Innate Abilities, Weirdness & Mutations

You are small and have problems with some larger weapons.
You are completely attuned to the shadows.


Message History

No target in view!
A steam dragon comes into view.
A steam dragon is nearby!
A steam dragon is nearby!
A steam dragon is nearby!
You shoot an arrow.
The arrow closely misses the steam dragon.
You shoot an arrow.
The arrow hits the steam dragon but does no damage.
The steam dragon breathes steam at you. The ball of steam hits you!!
Ouch! That really hurt!
Unknown command.
You shoot an arrow.
The arrow hits the steam dragon but does no damage.
The steam dragon bites you but does no damage.
The steam dragon claws you but does no damage.
Unknown command.
The steam dragon barely misses you. The steam dragon closely misses you.
A dart slug comes into view.
Unknown command.
You shoot an arrow.
The arrow hits the steam dragon but does no damage.
You hear a shout!
The steam dragon barely misses you. The steam dragon claws you.
* * * LOW HITPOINT WARNING * * *
Unknown command.
You feel better. The steam dragon closely misses you.
The steam dragon misses you.
Unknown command.
You shoot an arrow. The arrow hits the steam dragon.
The arrow burns the steam dragon.
The steam dragon is moderately wounded.
An orc comes into view. It is wielding a +0 whip.
The steam dragon bites you.
The steam dragon claws you but does no damage.
Unknown command.
The steam dragon breathes steam at you. The ball of steam hits you!
You die...

###############***,***,*
****
.....>.........,,,,,,*,*
*,,,
#........#.###****,*,*,*
*,** #.#.####.#.# *,,..,*
*,* ..#.# #.#.## **#?#**
****,* #.#.#
#....#######†..*****,,,,*
##..#
#..........w>#.,,,,,,****
*#.#
#....##)##.D...****,,*
**,## #.####..)@§....*
*,,* *,** #.* #..##)....*
*,,***** ,,******,*
#..###.###* *,,,,,,,
*,,,,,,,,* #..# *o#
****,*** **********
#..***.#** *,* **********
*,,*,,,,,* *,*
,,,,,,,,,****,,*,*,*,* *,*
********,*,,,,,,,,,*,* *,*
*,*,**,,*,,,*,********,***


You could see a steam dragon (catching breath), a dart slug and an orc.

Vanquished Creatures
  An orc wizard (D:3)
  4 adders
  An adder skeleton (D:2)
  2 dart slugs
  7 orcs (D:3)
  A bat skeleton (D:2)
  6 endoplasms
  3 giant cockroaches
  3 goblins
  5 hobgoblins
  4 ball pythons
  A ball python skeleton (D:2)
  5 bats
  3 frilled lizards
  A giant cockroach zombie (D:2)
  5 kobolds
  3 rats
55 creatures vanquished.

Notes
Turn   | Place    | Note
-------+----------+-------------------------------------------
     0 | D:1      | Newt the Kobold Hunter began the quest for the Orb.
     0 | D:1      | Reached XP level 1. HP: 12/12 MP: 1/1
    72 | D:1      | Reached XP level 2. HP: 18/18 MP: 2/2
   391 | D:1      | Reached XP level 3. HP: 23/23 MP: 3/3
   574 | D:2      | Reached XP level 4. HP: 26/30 MP: 4/4
  1156 | D:3      | Reached skill level 5 in Fighting
  1156 | D:3      | Reached XP level 5. HP: 35/35 MP: 5/5
  1236 | D:3      | Reached skill level 6 in Ranged Weapons
  1260 | D:3      | Noticed a steam dragon
  1269 | D:3      | Killed from afar by a steam dragon

Illustrated notes

Levels and vault maps discovered:
D:1:      amcnicky_arrival_blooded_trapdoor, layout_rooms
D:2:      layout_basic, serial_undead, serial_undead_d, serial_undead_d,
          serial_undead_e, serial_undead_d
D:3:      layout_loops_ring

Skill      XL: |  1  2  3  4  5 |
---------------+----------------+-----
Fighting       | 3 4 5 |  5.0
Ranged Weapons | 6 |  6.2
Dodging        | |  2.4
Stealth        | |  1.3

Action                     |  1- 3 |  4- 6 || total
---------------------------+-------+-------++-------
   Fire: Shortbow          |    83 |    59 ||   142
    Use: Scroll            |     3 |     4 ||     7
         Potion            |       |     1 ||     1
 Armour: Leather armour    |    31 |     5 ||    36
  Dodge: Dodged            |    69 |    21 ||    90

Table legend: (Time is in decaauts)
 A = Elapsed time spent in this place.
 B = Non-inter-level travel time spent in this place.
 C = Inter-level travel time spent in this place.
 D = Time resting spent in this place.
 E = Time spent auto-exploring this place.
 F = Levels seen in this place.
 G = Mean time per level.
                   A        B        C        D        E       F      G
               +--------+--------+--------+--------+--------+-----+--------+
         Total |   1308 |   1271 |     37 |      0 |   1027 |   3 |  436.0 |
       Dungeon |   1308 |   1271 |     37 |      0 |   1027 |   3 |  436.0 |
               +--------+--------+--------+--------+--------+-----+--------+

Top non-repeatable levels by time:
     D:2: 548 daAuts
     D:1: 529 daAuts
     D:3: 230 daAuts
